[Event "2nd Yerevan Open"]
[Site "?"]
[Date "2017.09.24"]
[Round "6.1"]
[White "Petrosian, Tigran L"]
[Black "Mikaelyan, Arman"]
[Result "1/2-1/2"]
[ECO "A05"]
[WhiteElo "2615"]
[BlackElo "2474"]
[PlyCount "81"]
[EventDate "2017.??.??"]
[TimeControl "6000+1550"]
[WhiteClock "0:29:56"]
[BlackClock "0:41:36"]

1. Nf3 Nf6 2. g3 g6 3. b3 Bg7 4. Bb2 O-O 5. Bg2 c5 6. c4 Nc6 7. O-O d6 8. d4
cxd4 9. Nxd4 Bd7 10. Nc3 Nxd4 11. Qxd4 Bc6 12. Nd5 Bxd5 13. Bxd5 Ne8 14. Qd2
Bxb2 15. Qxb2 Qb6 16. Rad1 Nf6 17. Bf3 Rfc8 18. Rd4 Rc5 19. Rfd1 Rac8 20. Rxd6
exd6 21. Qxf6 Qd8 22. Qxd8+ Rxd8 23. Bxb7 Rb8 24. Bd5 Ra5 25. Rd2 Rb6 26. g4
Kg7 27. g5 f6 28. h4 fxg5 29. hxg5 h6 30. gxh6+ Kxh6 31. f4 Ra3 32. Kf2 a5 33.
Rb2 Rb4 34. Rb1 Rxa2 35. Rh1+ Kg7 36. Rg1 a4 37. bxa4 Rbb2 38. Bf3 Rxa4 39. f5
g5 40. Rxg5+ Kf6 41. Rg6+ 1/2-1/2

[Event "2nd Yerevan Open"]
[Site "?"]
[Date "2017.09.24"]
[Round "6.2"]
[White "Kislinsky, Alexey"]
[Black "Pashikian, Arman"]
[Result "1/2-1/2"]
[ECO "C67"]
[WhiteElo "2505"]
[BlackElo "2592"]
[PlyCount "69"]
[EventDate "2017.??.??"]
[TimeControl "6000+1010"]
[WhiteClock "0:12:18"]
[BlackClock "0:04:10"]

1. e4 e5 2. Nf3 Nc6 3. Bb5 Nf6 4. O-O Nxe4 5. Re1 Nd6 6. Nxe5 Be7 7. Bf1 Nf5 8.
Nf3 O-O 9. d4 d5 10. h3 h6 11. a4 a6 12. Bf4 Be6 13. c3 Bd6 14. Bxd6 Nxd6 15.
Nbd2 Bf5 16. Qb3 Ne7 17. Re3 c6 18. Rae1 Ng6 19. Ne5 Nf4 20. Qd1 Re8 21. Qf3
Ne6 22. g4 Bc2 23. Qg3 Bxa4 24. Bd3 c5 25. Nxf7 Nxf7 26. Rxe6 Rxe6 27. Rxe6
cxd4 28. cxd4 Bd7 29. Re3 Qb8 30. Qxb8+ Rxb8 31. Re7 Rd8 32. Bg6 Nh8 33. Bf5
Bxf5 34. gxf5 Nf7 35. Rxb7 1/2-1/2

[Event "2nd Yerevan Open"]
[Site "?"]
[Date "2017.09.24"]
[Round "6.3"]
[White "Grigoryan, Karen H"]
[Black "Aleksandrov, Aleksej"]
[Result "1/2-1/2"]
[ECO "C26"]
[WhiteElo "2568"]
[BlackElo "2580"]
[PlyCount "124"]
[EventDate "2017.??.??"]
[TimeControl "6000+990"]
[WhiteClock "0:02:38"]
[BlackClock "0:17:20"]

1. e4 e5 2. Nc3 Nf6 3. g3 c6 4. d4 Qa5 5. Bg2 d5 6. exd5 Nxd5 7. Nge2 Nxc3 8.
Nxc3 exd4 9. Qxd4 Be6 10. O-O Nd7 11. Ne4 Qb4 12. Rd1 Qxd4 13. Rxd4 Be7 14.
Nd6+ Bxd6 15. Rxd6 O-O 16. Be3 Nf6 17. Rad1 h6 18. R6d4 Nd5 19. Bd2 Rfe8 20. c4
Nf6 21. Bc3 Re7 22. h3 Rd7 23. g4 Rad8 24. b3 a6 25. f4 Rxd4 26. Rxd4 Rxd4 27.
Bxd4 Ne8 28. f5 Bc8 29. Kf2 h5 30. Kg3 hxg4 31. hxg4 g6 32. f6 Nc7 33. Be3 Ne6
34. Kf3 Kf8 35. Ke4 Ke8 36. Ke5 Kd7 37. Bb6 Ng5 38. a4 Ne6 39. b4 Ng5 40. Bf1
Ne6 41. b5 Ng5 42. Be3 Ne6 43. b6 Kd8 44. Kd6 Nf8 45. g5 Be6 46. c5 Bb3 47.
Bxa6 bxa6 48. b7 Nd7 49. Kxc6 Bxa4+ 50. Kd6 Nb8 51. Bd2 Nc6 52. Ba5+ Ke8 53.
Kc7 Bb5 54. Bb6 Ba4 55. Ba7 Bb5 56. b8=Q+ Nxb8 57. Bxb8 Be2 58. c6 Bf3 59. Kb7
a5 60. Bd6 a4 61. Be7 Bg2 62. Kb6 Bf3 1/2-1/2

[Event "2nd Yerevan Open"]
[Site "?"]
[Date "2017.09.24"]
[Round "6.4"]
[White "Melkumyan, Hrant"]
[Black "Minasian, Artashes"]
[Result "1-0"]
[ECO "A40"]
[WhiteElo "2642"]
[BlackElo "2492"]
[PlyCount "58"]
[EventDate "2017.??.??"]
[TimeControl "6000+960"]
[WhiteClock "0:39:52"]
[BlackClock "0:37:29"]

1. d4 g6 2. Nf3 Bg7 3. c4 c5 4. e4 d6 5. Nc3 Bg4 6. dxc5 Bxf3 7. gxf3 dxc5 8.
Qxd8+ Kxd8 9. Be3 Bxc3+ 10. bxc3 b6 11. O-O-O+ Ke8 12. Bh3 Nf6 13. e5 Nfd7 14.
Bh6 e6 15. f4 Nc6 16. Rd6 Rc8 17. Rhd1 Rc7 18. Bg7 Rg8 19. Bf6 Rf8 20. Bg2 Na5
21. Be4 Rg8 22. Bc2 Nc6 23. Ba4 Ncb8 24. h4 h5 25. Kc2 Rf8 26. Bb5 Rb7 27. a4
a5 28. Bc6 Ra7 29. Be4 Ra6 1-0

[Event "2nd Yerevan Open"]
[Site "?"]
[Date "2017.09.24"]
[Round "6.5"]
[White "Rozum, Ivan"]
[Black "Baghdasaryan, Vahe"]
[Result "1-0"]
[ECO "A06"]
[WhiteElo "2590"]
[BlackElo "2440"]
[PlyCount "57"]
[EventDate "2017.??.??"]
[TimeControl "6000+975"]
[WhiteClock "0:42:38"]
[BlackClock "0:36:18"]

1. Nf3 d5 2. g3 Nc6 3. d4 Bf5 4. Bg2 Nb4 5. Na3 e6 6. O-O Nf6 7. c3 Nc6 8. Qb3
a6 9. Nh4 Bg4 10. f3 Bh5 11. e4 Be7 12. g4 Bg6 13. g5 Ng8 14. exd5 exd5 15. f4
Be4 16. Bxe4 dxe4 17. Qxb7 Na7 18. Qxe4 h6 19. Nc4 c6 20. Ne5 Qd5 21. Qxd5 cxd5
22. Nf5 g6 23. Ne3 Rd8 24. f5 Rh7 25. fxg6 fxg6 26. Nxg6 Bxg5 27. Ng4 Rg7 28.
Bxg5 Rxg6 29. Rae1+ 1-0

[Event "2nd Yerevan Open"]
[Site "?"]
[Date "2017.09.24"]
[Round "6.6"]
[White "Sargsyan, Shant"]
[Black "Gabuzyan, Hovhannes"]
[Result "1/2-1/2"]
[ECO "A56"]
[WhiteElo "2436"]
[BlackElo "2573"]
[PlyCount "88"]
[EventDate "2017.??.??"]
[TimeControl "6000+635"]
[WhiteClock "0:23:59"]
[BlackClock "1:22:30"]

1. d4 Nf6 2. c4 c5 3. d5 g6 4. Nc3 Bg7 5. e4 d6 6. h3 O-O 7. Nf3 a6 8. a4 e6 9.
Bd3 exd5 10. cxd5 Nbd7 11. O-O Re8 12. Re1 Nh5 13. Bg5 Bf6 14. Bh6 Ne5 15. Be2
Kh8 16. Nxe5 Bxe5 17. Bxh5 Qh4 18. f4 Bd4+ 19. Kh2 Qxh5 20. Qxh5 gxh5 21. Kg3
Bd7 22. a5 Rab8 23. Kf3 b5 24. axb6 Rxb6 25. Re2 Rb3 26. f5 Bb5 27. Rd2 Bxc3
28. bxc3 Rxc3+ 29. Kf4 f6 30. Re1 c4 31. Re3 Rb3 32. g4 a5 33. g5 Kg8 34. gxf6
Kf7 35. Rg2 Rg8 36. Rxg8 Kxg8 37. Rg3+ Rxg3 38. Kxg3 c3 39. Bc1 h4+ 40. Kf4 Kf7
41. e5 dxe5+ 42. Kxe5 c2 43. d6 a4 44. Ba3 h5 1/2-1/2

[Event "2nd Yerevan Open"]
[Site "?"]
[Date "2017.09.24"]
[Round "6.7"]
[White "Aitbayev, Aslan"]
[Black "Martirosyan, Haik M"]
[Result "1-0"]
[ECO "C65"]
[WhiteElo "2427"]
[BlackElo "2570"]
[PlyCount "81"]
[EventDate "2017.??.??"]
[TimeControl "6000+1955"]
[WhiteClock "0:32:30"]
[BlackClock "0:30:32"]

1. e4 e5 2. Nf3 Nc6 3. Bb5 Nf6 4. d3 Bc5 5. c3 O-O 6. O-O d6 7. Bg5 h6 8. Bh4
g5 9. Bg3 Nh5 10. Nbd2 Nxg3 11. hxg3 Qf6 12. Nc4 Bg4 13. b4 Bb6 14. a4 a6 15.
Nxb6 cxb6 16. Bc4 Ne7 17. Qe2 Rad8 18. Rfe1 a5 19. bxa5 bxa5 20. Rab1 Bd7 21.
Rxb7 Bxa4 22. Nh2 Bd7 23. Ra1 a4 24. Ng4 Bxg4 25. Qxg4 d5 26. exd5 Nc8 27. Rxa4
Nd6 28. Ra6 Rb8 29. Rbb6 Rxb6 30. Rxb6 Qe7 31. Bb3 e4 32. dxe4 Ra8 33. Qd1 Nxe4
34. Qd4 Nd6 35. Kh2 Rd8 36. Bc2 Qe2 37. Qf6 Qh5+ 38. Kg1 Re8 39. Rb1 Nc4 40. g4
Qh4 41. Bh7+ 1-0

[Event "2nd Yerevan Open"]
[Site "?"]
[Date "2017.09.24"]
[Round "6.8"]
[White "Yegiazarian, Arsen"]
[Black "Tabatabaei, M.Amin"]
[Result "1/2-1/2"]
[ECO "D75"]
[WhiteElo "2421"]
[BlackElo "2548"]
[PlyCount "170"]
[EventDate "2017.??.??"]
[TimeControl "5400+1215"]
[WhiteClock "0:05:19"]
[BlackClock "0:07:17"]

1. d4 Nf6 2. Nf3 g6 3. c4 Bg7 4. Nc3 O-O 5. g3 d5 6. cxd5 Nxd5 7. Bg2 c5 8. O-O
Nxc3 9. bxc3 Nc6 10. e3 cxd4 11. cxd4 Bf5 12. Nh4 Be6 13. Rb1 Bc4 14. Re1 Qd7
15. Qa4 b5 16. Qa6 Rac8 17. a4 Bd3 18. Rb2 Qe6 19. d5 Qd6 20. axb5 Bxb2 21.
Bxb2 Nb4 22. Qxa7 Nc2 23. Rd1 Be2 24. Rc1 Qb4 25. Be5 Ne1 26. Ra1 Nxg2 27. Nxg2
Qd2 28. Bc7 Qxd5 29. b6 Ra8 30. Nf4 Rxa7 31. bxa7 Qf3 32. Nxe2 Ra8 33. Nd4 Qb7
34. Bb8 Kg7 35. Rc1 Rxb8 36. axb8=Q Qxb8 37. h4 e5 38. Nf3 f6 39. e4 Qb7 40.
Re1 Qc6 41. Kg2 h5 42. Re3 Kh6 43. Re1 Qc5 44. Re3 g5 45. hxg5+ fxg5 46. g4 h4
47. Nh2 Qf8 48. Kg1 Qa8 49. Kg2 Kg7 50. Nf3 Kf6 51. Nh2 Qb7 52. Nf3 Qd7 53. Nh2
Qd1 54. Rf3+ Ke6 55. Re3 Qd8 56. Ra3 Qf8 57. Rf3 Qc8 58. Rd3 Ke7 59. Re3 Qd7
60. Rf3 Ke6 61. Re3 Qf7 62. Rf3 Qb7 63. Re3 Qh7 64. Nf3 Qg6 65. Nh2 Kd6 66. Kg1
Kc5 67. Kg2 Kc4 68. Nf3 Qf6 69. Nd2+ Kb4 70. Nf1 Qg6 71. Nh2 Qh7 72. Nf3 h3+
73. Kh2 Qf7 74. Kxh3 Qf4 75. Ne1 Kc4 76. Nf3 Kb5 77. Rc3 Kb4 78. Re3 Ka4 79.
Rd3 Qxe4 80. Re3 Qf4 81. Nxe5 Qxf2 82. Rf3 Qg1 83. Rf5 Qh1+ 84. Kg3 Qh4+ 85.
Kf3 Qh1+ 1/2-1/2

[Event "2nd Yerevan Open"]
[Site "?"]
[Date "2017.09.24"]
[Round "6.9"]
[White "Moskalenko, Alexander"]
[Black "Mirzoyan, David"]
[Result "1/2-1/2"]
[ECO "D56"]
[WhiteElo "2531"]
[BlackElo "2341"]
[PlyCount "102"]
[EventDate "2017.??.??"]
[TimeControl "6000+940"]
[WhiteClock "0:16:22"]
[BlackClock "0:13:43"]

1. c4 e6 2. Nf3 d5 3. d4 Nf6 4. Bg5 Be7 5. Nc3 h6 6. Bh4 O-O 7. e3 Nbd7 8. Rc1
c5 9. cxd5 Nxd5 10. Bxe7 Nxe7 11. Bb5 cxd4 12. Nxd4 a6 13. Be2 b5 14. Bf3 Ra7
15. O-O Ne5 16. Be4 Bb7 17. Qh5 Qb8 18. Bxb7 Rxb7 19. Ne4 Nd3 20. Rb1 Rd8 21.
Qe2 Nb4 22. Nc5 Rb6 23. Ndxe6 fxe6 24. Qg4 Ned5 25. a3 Nc6 26. Nxe6 Rd7 27. Nc5
Re7 28. Rbd1 Nf6 29. Qf5 Qe5 30. Qc2 Re8 31. h3 Ne7 32. b4 Kh8 33. Rd3 Nf5 34.
e4 Nd4 35. f4 Qxe4 36. Qf2 Ne2+ 37. Kh2 Qc4 38. Re1 Qxf4+ 39. Qxf4 Nxf4 40.
Rxe8+ Nxe8 41. Rd8 Rd6 42. Rxe8+ Kh7 43. Ra8 Rd2 44. Kg3 Nxg2 45. Rxa6 Ne3 46.
Kf4 Nc4 47. Ne6 Rf2+ 48. Ke4 Ra2 49. Nd4 Rxa3 50. Rxa3 Nxa3 51. Kf5 Nc4 1/2-1/2

[Event "2nd Yerevan Open"]
[Site "?"]
[Date "2017.09.24"]
[Round "6.10"]
[White "Nalbandian, Tigran"]
[Black "Hovhannisyan, Robert"]
[Result "0-1"]
[ECO "A06"]
[WhiteElo "2455"]
[BlackElo "2594"]
[PlyCount "64"]
[EventDate "2017.??.??"]
[TimeControl "6000+715"]
[WhiteClock "0:00:47"]
[BlackClock "0:29:02"]

1. Nf3 d5 2. g3 Nc6 3. Bg2 e5 4. d3 Be6 5. O-O f6 6. Nc3 Qd7 7. e4 d4 8. Ne2
O-O-O 9. Ne1 g5 10. f4 h6 11. a3 Bd6 12. b4 Nge7 13. Bd2 exf4 14. gxf4 gxf4 15.
Bxf4 Bg4 16. Qd2 Kb8 17. Nf3 Ng6 18. Bxd6 Qxd6 19. Kh1 h5 20. Nfg1 Nce5 21. Nf4
Nxf4 22. Qxf4 Rdf8 23. Rf2 Bc8 24. Raf1 Ng4 25. Re2 Qe5 26. Bh3 Ne3 27. Rff2
Bg4 28. Rxe3 Qxf4 29. Rxf4 dxe3 30. Bxg4 hxg4 31. Ne2 Rh4 32. Kg1 Rfh8 0-1

[Event "2nd Yerevan Open"]
[Site "?"]
[Date "2017.09.24"]
[Round "6.12"]
[White "Bagaturov, Giorgi"]
[Black "Petrosyan, Manuel"]
[Result "1/2-1/2"]
[ECO "D38"]
[WhiteElo "2400"]
[BlackElo "2559"]
[PlyCount "135"]
[EventDate "2017.??.??"]
[TimeControl "6000+1270"]
[WhiteClock "0:02:18"]
[BlackClock "0:00:54"]

1. d4 Nf6 2. c4 e6 3. Nf3 d5 4. Nc3 Bb4 5. Bg5 h6 6. Bxf6 Qxf6 7. e3 O-O 8. Rc1
dxc4 9. Bxc4 c5 10. O-O cxd4 11. Nxd4 Rd8 12. Ne4 Qe7 13. Qh5 Nd7 14. a3 Bc5
15. Nxc5 Nxc5 16. Ba2 Na4 17. Rc2 Bd7 18. Rc7 Rab8 19. Qe5 Qg5 20. Qe4 Nc5 21.
Qc2 Rbc8 22. Rxc8 Rxc8 23. b4 Na4 24. Qd2 Nc3 25. Rc1 Nxa2 26. Rxc8+ Bxc8 27.
Qxa2 e5 28. Nf3 Qf5 29. h3 Qe4 30. Kh2 Be6 31. Qb2 f6 32. Qc3 Bd5 33. Qc8+ Kh7
34. Ne1 Bc6 35. Qd8 Kg6 36. Qd2 Qd5 37. Qc2+ Kf7 38. f3 e4 39. f4 g5 40. Qf2
Ba4 41. h4 Kg6 42. hxg5 hxg5 43. fxg5 fxg5 44. Qb2 Qd6+ 45. Kg1 Qd1 46. Qc3 Qe2
47. Kh2 Qf2 48. Qh8 Qxe3 49. Qg8+ Kf6 50. Qf8+ Ke6 51. Qg8+ Kd7 52. Qd5+ Kc8
53. Qc4+ Kb8 54. Qg8+ Kc7 55. Qg7+ Kb6 56. Qf6+ Kb5 57. Qe6 b6 58. Qd7+ Kc4 59.
Qxa4 Qxe1 60. Qxa7 Qf2 61. Qa4 b5 62. Qa8 Qf4+ 63. Kg1 Qe5 64. a4 e3 65. axb5
e2 66. Qa2+ Kxb4 67. Qd2+ Kxb5 68. Kf2 1/2-1/2